 Dungeon Crawl Stone Soup version 0.23-a0-313-gf30bb39 (webtiles) character file.

72 b5mith the Chopper (level 4, -2/34 HPs)
             Began as a Human Wanderer on Oct 12, 2018.
             Was an Initiate of Makhleb.
             Slain by Sigmund
             ... wielding a +0 scythe
              (4 damage)
             ... on level 3 of the Dungeon.
             The game lasted 00:06:09 (2502 turns).

b5mith the Chopper (Human Wanderer)                 Turns: 2502, Time: 00:06:10

Health: -2/34      AC:  5    Str: 14    XL:     4   Next: 48%
Magic:  7/7        EV: 10    Int: 11    God:    Makhleb [......]
Gold:   30         SH:  0    Dex: 13    Spells: 7/7 levels left

rFire    . . .     SeeInvis .   a - +2 hand axe
rCold    . . .     Gourm    .   (no shield)
rNeg     . . .     Faith    .   c - +0 ring mail
rPois    .         Spirit   .   (no helmet)
rElec    .         Reflect  .   (no cloak)
rCorr    .         Harm     .   (no gloves)
MR       .....                  (no boots)
Stlth    +.........             (no amulet)
HPRegen  0.11/turn              (no ring)
MPRegen  0.10/turn              (no ring)

@: starving
A: no striking features
a: Renounce Religion


You were on level 3 of the Dungeon.
You worshipped Makhleb.
Makhleb was noncommittal.
You were starving.

You visited 1 branch of the dungeon, and saw 3 of its levels.

You collected 30 gold pieces.

Inventory:

Hand Weapons
 a - a +2 hand axe (weapon)
 b - a +0 dagger of draining
   (You took it off a goblin on level 1 of the Dungeon)
Armour
 c - a +0 ring mail (worn)
 f - a +0 robe
   (You found it on level 1 of the Dungeon)
Scrolls
 g - a scroll of identify {unknown}
Potions
 e - a potion of heal wounds {unknown}
 h - 2 potions of flight {unknown}
Comestibles
 d - a ration


   Skills:
 + Level 2.4 Fighting
 + Level 3.4 Axes
 - Level 1.0 Armour
 - Level 1.0 Stealth
   Level 1.0 Shields
 - Level 2.0 Spellcasting
   Level 3.0 Air Magic


You had 7 spell levels left.
You didn't know any spells.
Your spell library contained the following spells:

 Spells                   Type           Power        Failure   Level  Hunger
 Flame Tongue             Conj/Fire      #....        52%         1    ##.....
 Inner Flame              Hex/Fire       #.......     87%         3    ####...


Dungeon Overview and Level Annotations

Branches:
Dungeon (3/15)

Altars:
Makhleb

Annotations:
D:3 Sigmund


Message History

Makhleb accepts your kill.
You start resting.
HP restored.
You see here a dagger.
There is a stone staircase leading up here.
Found a stone staircase leading down.
There is a stone staircase leading down here.
Sigmund the Dreaded comes into view.
He is wielding a scythe.
Sigmund casts a spell.
Sigmund flickers and vanishes!
Deactivating autopickup; reactivate with Ctrl-A.
Found 16 sling bullets.
You are starving!
A magic dart appears from out of thin air!
The magic dart hits you!
A magic dart appears from out of thin air!
The magic dart hits you!
You are too hungry to fight recklessly!
You are too hungry to fight recklessly!
You are too hungry to fight recklessly!
You are too hungry to fight recklessly!
Something hits you but does no damage. Something hits you.
You hit something but do no damage. You closely miss something.
Something hits you.
You miss something. Something hits you but does no damage.
You barely miss something. Something hits you.
* * * LOW HITPOINT WARNING * * *
You hit something. You miss something. Something hits you.
* * * LOW HITPOINT WARNING * * *
You hit something.
You hear some strange, mumbled words.
A magic dart appears from out of thin air!
The magic dart hits you!
* * * LOW HITPOINT WARNING * * *
You hit something. Something hits you but does no damage.
You miss something. Something hits you.
* * * LOW HITPOINT WARNING * * *
You hit something. Something hits you.
* * * LOW HITPOINT WARNING * * *
You barely miss something. You hit something.
You hear some strange, mumbled words.
A puff of flame appears from out of thin air!
The puff of flame hits you!
* * * LOW HITPOINT WARNING * * *
Your ring mail prevents you from hitting something.
Something hits you.
You die...

##<## #.#####
#.....#
#.###># #.#
#.# #.# #.#
#.# #.#
#.###.######.#
#.@..........#
#{.##.########
#..##.#
#.(##.#
#..##.#
#..##.#
#..##.#
......#


There were no monsters in sight!

Vanquished Creatures
  2 adders (D:2)
  A worm (D:2)
  5 leopard geckos
  5 bats
  A giant cockroach (D:1)
  8 goblins
  3 hobgoblins (D:1)
  5 jackals
  A quokka (D:2)
  A ball python (D:2)
  3 frilled lizards
  4 kobolds
  6 rats
45 creatures vanquished.

Notes
Turn   | Place    | Note
-------+----------+-------------------------------------------
     0 | D:1      | b5mith the Human Wanderer began the quest for the Orb.
     0 | D:1      | b5mith set off with: a +2 hand axe, a +0 ring mail, a
                  | ration
     0 | D:1      | Reached XP level 1. HP: 13/13 MP: 3/3
   110 | D:1      | Reached XP level 2. HP: 20/20 MP: 5/5
   111 | D:1      | Reached skill level 1 in Fighting
   425 | D:1      | Reached XP level 3. HP: 22/26 MP: 6/6
  1275 | D:2      | Reached XP level 4. HP: 11/33 MP: 7/7
  2170 | D:2      | Found a burning altar of Makhleb.
  2180 | D:2      | Became a worshipper of Makhleb the Destroyer
  2480 | D:3      | Noticed Sigmund
  2502 | D:3      | Slain by Sigmund

Vault maps used:
D:1:      saegor_arrival_simple_d, st_stairs_8
D:2:      bloody_makhleb, serial_corexii_hall, corexii_hall_statues_t,
          chequers_hall_statues_y, hex_intersection, uniq_crazy_yiuf_cottage
D:3:      uniq_sigmund, uniq_robin

Skill      XL: |  1  2  3 |
---------------+----------+-----
Fighting       | 1 2 |  2.4
Axes           | 3 |  3.4
Armour         | |  1.0
Stealth        | |  1.0
Shields        | |  1.0
Spellcasting   | |  2.0
Air Magic      | |  3.0

Action                   |  1- 3 |  4- 6 || total
-------------------------+-------+-------++-------
Melee: Hand axe          |   103 |    70 ||   173
  Use: Potion            |     1 |       ||     1
       Scroll            |       |     2 ||     2
 Stab: Sleeping          |     1 |       ||     1
  Eat: Chunk             |     1 |     2 ||     3
Armor: Ring mail         |    30 |    23 ||    53
       Robe              |     3 |     1 ||     4
Dodge: Dodged            |    65 |    41 ||   106

Table legend:
 A = Non-vault XP
 B = Vault XP
 C = Vault XP percentage of total XP
 D = Non-vault monster count
 E = Vault monster count
 F = Vault count percentage of total count
                 A         B        C        D         E       F
            +---------+---------+-------+---------+---------+-------
      Total |     102 |       1 |   1.0 |      44 |       1 |   2.2
            +---------+---------+-------+---------+---------+-------
        D:1 |      46 |       1 |   2.1 |      27 |       1 |   3.6
        D:2 |      51 |       0 |   0.0 |      15 |       0 |   0.0
        D:3 |       5 |       0 |   0.0 |       2 |       0 |   0.0
            +---------+---------+-------+---------+---------+-------
